 Dungeon Crawl Stone Soup version 0.21-a0-19-g210df22 (webtiles) character file.

41420 Krey the Brawler (level 14, -3/113 HPs)
             Began as a Ghoul Monk on May 23, 2017.
             Was a High Priest of Ashenzari.
             Slain by a wolf (4 damage)
             ... on level 6 of the Lair of Beasts on July 25, 2018.
             The game lasted 01:02:40 (19216 turns).

Krey the Brawler (Ghoul Monk)                      Turns: 19216, Time: 01:02:41

Health: -3/113     AC: 21    Str: 23    XL:     14   Next: 15%
Magic:  14/14      EV: 19    Int:  8    God:    Ashenzari [*****.]
Gold:   940        SH:  2    Dex: 21    Spells: 9/13 levels left

rFire    x . .     SeeInvis +     - Unarmed
rCold    + + +     Gourm    .   (no shield)
rNeg     + + +     Faith    .   J - +1 ice dragon scales of the Many Ghosts {rF- rC++ MR+ Str+4 Int+3 Dex+4} (curse)
rPois    ∞         Spirit   .   (no helmet)
rElec    .         Reflect  +   y - +1 cloak
rCorr    +         Harm     .   l - +1 pair of gloves of the Buccaneer {rPois rCorr Dex+2}
MR       +++..     Clarity  +   v - +1 pair of boots (curse)
Stlth    ++........             c - +2 amulet of reflection (curse)
Regen    0.0/turn               T - +4 ring of evasion
MPRegen  0.2/turn               R - ring of Bomu {MR+ Str+3 SInv} (curse)

@: rotting, studying Axes
A: rotting body, claws 1, carnivore 3, cold resistance 1, negative energy
resistance 3, inhibited regeneration, torment resistance, unbreathing
a: Curse Item, Scrying, Transfer Knowledge, Renounce Religion


You were on level 6 of the Lair of Beasts.
You worshipped Ashenzari.
Ashenzari was extremely pleased with you.
You were not hungry.

You visited 2 branches of the dungeon, and saw 17 of its levels.
You also visited: Labyrinth, Ice Cave and Volcano.

You collected 940 gold pieces.

Inventory:

Armour
 l - the +1 pair of gloves of the Buccaneer (worn) {rPois rCorr Dex+2}
   (You found it in a labyrinth)

   It affects your dexterity (+2).
   It protects you from poison.
   It protects you from acid and corrosion.
 v - a cursed +1 pair of boots (worn)
 y - a +1 cloak (worn)
 J - the cursed +1 ice dragon scales of the Many Ghosts (worn) {rF- rC++ MR+ Str+4 Int+3 Dex+4}
   (You found it in an ice cave)

   It affects your strength (+4).
   It affects your intelligence (+3).
   It affects your dexterity (+4).
   It makes you vulnerable to fire.
   It greatly protects you from cold.
   It affects your resistance to hostile enchantments.
   It has a curse placed upon it.
Jewellery
 c - a cursed +2 amulet of reflection (around neck)
 g - an uncursed ring of flight
 D - an uncursed ring of protection from fire
 F - an uncursed amulet of regeneration
 P - a +3 ring of strength
 R - the cursed ring of Bomu (right hand) {MR+ Str+3 SInv}
   (You found it in an ice cave)

   [ring of protection from magic]

   It affects your strength (+3).
   It affects your resistance to hostile enchantments.
   It lets you see invisible.
   It has a curse placed upon it.
 T - a +4 ring of evasion (left hand)
Wands
 e - a wand of iceblast (8/15)
 f - a wand of disintegration (13/24)
 j - a wand of acid (8/15)
 t - a wand of flame (30/48)
 u - a wand of paralysis (9/24)
 C - a wand of flame (14/48)
 G - a wand of disintegration (9/24)
 O - a wand of acid (9/15)
 S - a wand of flame (17/48)
 U - a wand of iceblast (10/15)
 X - a wand of iceblast (7/15)
Scrolls
 a - a scroll of amnesia {unknown}
 m - 2 scrolls of magic mapping
 n - 4 scrolls of immolation
 r - 2 scrolls of fear
 w - 3 scrolls of enchant armour
 x - a scroll of identify
 A - a scroll of vulnerability {unknown}
 B - a scroll of acquirement
 M - 4 scrolls of recharging
 Y - a scroll of teleportation
Potions
 d - a potion of curing
 h - a potion of heal wounds
 k - 2 potions of magic
 o - 2 potions of ambrosia
 p - 2 potions of might
 E - a potion of cancellation
 L - 3 potions of brilliance
 N - a potion of degeneration {unknown}
 Q - 2 potions of flight
 Z - a potion of mutation {unknown}
Books
 W - a manual of Axes
Miscellaneous
 I - a lamp of fire
Comestibles
 b - 8 meat rations
 i - 7 chunks of flesh
 q - 12 royal jellies


   Skills:
 + Level 7.4 Fighting
 + Level 9.4 Armour
 + Level 7.0 Dodging
 + Level 5.7 Stealth
 + Level 19.6 Unarmed Combat
 + Level 1.7(3.6) Evocations


You had 9 spell levels left.
You knew the following spells:

 Your Spells              Type           Power        Failure   Level  Hunger
a - Summon Lightning Spi  Summ/Air       #.......     100%        4    #####..


Dungeon Overview and Level Annotations

Branches:
Dungeon (11/15)            Temple (0/1) D:4            Lair (6/6) D:11
  Swamp (0/4) Lair:4       Spider (0/4) Lair:2        Slime (0/5) Lair:6
    Orc (0/2) D:9

Altars:
Ashenzari
Cheibriados
Dithmenos
Fedhas
Gozag
Hepliaklqana
Kikubaaqudgha
Qazlal
Ru
Trog
Uskayaw
Xom
Yredelemnul
Zin
The Shining One

Shops:
D:4 %   D:5 (

Annotations:
D:9 Gastronok
Lair:5 exclusion: 3 oklob plants


Innate Abilities, Weirdness & Mutations

Your body is rotting away.
You thrive on raw meat.
You are immune to poison.
You have sharp fingernails.
You are carnivorous and can eat meat at any time.
Your flesh is cold resistant. (rC+)
You are immune to negative energy. (rN+++)
You do not regenerate when monsters are visible.
You are immune to unholy pain and torment.
You can survive without breathing.


Message History

The wolf misses you. x2; The wolf closely misses you.
You block the wolf's attack. The wolf misses you. The wolf bites you.
* * * LOW HITPOINT WARNING * * *
The wolf barely misses you. You block the wolf's attack.
The wolf closely misses you. The wolf bites you but does no damage.
The wolf misses you. The wolf barely misses you. The wolf closely misses you.
The wolf bites you but does no damage. The wolf misses you.
The wolf barely misses you. The wolf misses you. You block the wolf's attack.
The wolf bites you but does no damage. The wolf closely misses you.
The wolf bites you but does no damage. The wolf completely misses you.
The wolf bites you but does no damage.
The wolf closely misses you. x2; The wolf misses you.
The wolf bites you but does no damage. x3; The wolf closely misses you.
The wolf bites you but does no damage. The wolf misses you.
The wolf barely misses you. The wolf closely misses you.
The wolf barely misses you. The wolf bites you but does no damage.
The wolf barely misses you. x4; The wolf completely misses you.
The wolf bites you but does no damage. The wolf barely misses you.
The wolf closely misses you. The wolf bites you.
You die...

, , ,.....P.P...
*****#......... #........
##÷....... ##....P.... #
** ###..P....... *#.. ##
##.....††P....
*.....♣h####......†.†÷..#
*
,.....hh@...÷.....÷÷...).
*
,,÷....hhP##............P.
,,,
..P.########.......##.#.
*,, ,###**∆**
##P..÷.##.... , * ∆∆ *
#....####..# , ,,
8,∆8,∆∆** ##.P.# #... *,8
,,, { ∆∆* #...# ###. *,
,*,,,, , , { ∆∆ #..## #P.
, ** , ,** ,, ,∆**#..# ##<


You could see 5 wolves.

Vanquished Creatures
  A minotaur (Lab)
  A hydra (Lair:5)
  The ghost of darksquall the Demolition Orc, a novice HOFi of Makhleb (D:8)
  3 death yaks (Lair:3)
  Nergalle (D:10)
  Pikel (D:9)
  An orb spider (Lair:2)
  A black mamba (shapeshifter) (D:9)
  4 black mambas
  4 ugly things
  4 elephants (Lair:6)
  Joseph (D:7)
  3 ice statues (IceCv)
  A gargoyle (D:10)
  6 spiny frogs
  A torpor snail (Lair:6)
  4 komodo dragons
  2 ice devils (Lair:1)
  A minotaur zombie (Lab)
  A hornet (Lair:1)
  The ghost of yrara the Skirmisher, an amateur DsFi (D:4)
  5 hippogriffs
  Prince Ribbit (D:9)
  20 blink frogs
  A spriggan (Lair:1)
  A human (D:8)
  7 fire bats (Volcano)
  27 yaks
  8 basilisks
  3 hogs (D:8)
  2 hungry ghosts
  2 hell hounds (Volcano)
  10 water moccasins
  9 porcupines
  Duvessa (D:5)
  5 black bears
  A sky beast (D:11)
  10 ice beasts
  8 orc warriors
  A necrophage (D:4)
  4 slaves (D:9)
  A hornet zombie (D:8)
  The ghost of yrara the Skirmisher, an amateur DsFi (D:3)
  4 ogres
  44 wolves
  5 centaurs
  7 crocodiles
  A big kobold (D:7)
  12 bullfrogs
  Dowan (D:5)
  A water moccasin skeleton (D:7)
  4 scorpions
  10 killer bees (D:11)
  2 electric eels (D:10)
  3 howler monkeys (D:6)
  5 crimson imps
  6 lava snakes (Volcano)
  A jelly (D:9)
  A quasit (D:11)
  7 hounds
  12 orc wizards
  13 orc priests
  3 bullfrog skeletons
  4 centaur skeletons
  3 iguanas
  Natasha (thrice) (D:2)
  5 worker ants
  A hound zombie (D:7)
  A worker ant zombie (D:10)
  3 gnolls (D:7)
  12 adders
  A shadow imp (D:11)
  2 adder skeletons
  3 worms
  A dart slug (D:3)
  6 leopard geckos
  48 orcs
  14 bats
  3 bat zombies (D:2)
  7 giant cockroaches
  7 goblins
  3 hobgoblins (D:1)
  8 jackals
  16 kobolds
  4 quokkas
  5 frilled lizards
  18 rats
  A rat zombie (D:2)
  A plant (D:11)
493 creatures vanquished.

Vanquished Creatures (others)
  11 fungi
  8 plants
19 creatures vanquished.

Grand Total: 512 creatures vanquished

Notes
Turn   | Place    | Note
-------+----------+-------------------------------------------
     0 | D:1      | Krey the Ghoul Monk began the quest for the Orb.
     0 | D:1      | Reached XP level 1. HP: 19/19 MP: 0/0
   237 | D:1      | Reached XP level 2. HP: 26/26 MP: 1/1
   578 | D:1      | Reached XP level 3. HP: 32/33 MP: 2/2
  1279 | D:2      | Reached skill level 4 in Unarmed Combat
  1291 | D:2      | Found an ancient bone altar of Kikubaaqudgha.
  1405 | D:2      | Reached XP level 4. HP: 33/40 MP: 3/3
  1416 | D:2      | You fall through a shaft for 2 floors!
  1420 | D:4      | Noticed an ogre
  1685 | D:3      | Found a shattered altar of Ashenzari.
  1685 | D:3      | Found a hide-covered altar of Uskayaw.
  1689 | D:3      | Became a worshipper of Ashenzari the Shackled
  1689 | D:3      | Reached * piety under Ashenzari
  1689 | D:3      | Reached ** piety under Ashenzari
  1972 | D:3      | Reached XP level 5. HP: 41/46 MP: 4/4
  2179 | D:3      | Found a glowing silver altar of Zin.
  2208 | D:3      | You fall through a shaft!
  2208 | D:4      | Found a basalt altar of Yredelemnul.
  2208 | D:4      | Noticed yrara's ghost (amateur DsFi)
  2215 | D:4      | Reached skill level 5 in Unarmed Combat
  2246 | D:4      | Noticed a necrophage
  2723 | D:2      | Noticed Natasha
  2734 | D:2      | Killed Natasha
  2735 | D:2      | Reached XP level 6. HP: 32/46 MP: 5/5
  2745 | D:2      | Noticed Natasha
  2806 | D:2      | Killed Natasha
  2858 | D:2      | Noticed Natasha
  2867 | D:2      | Killed Natasha
  2966 | D:2      | Found a shimmering altar of Xom.
  3092 | D:3      | Noticed yrara's ghost (amateur DsFi)
  3104 | D:3      | Killed yrara's ghost
  3104 | D:3      | Reached skill level 6 in Unarmed Combat
  3402 | D:4      | Killed a necrophage
  3402 | D:4      | Reached XP level 7. HP: 46/51 MP: 6/6
  3413 | D:4      | Found Adiufoz's Food Shop.
  3628 | D:4      | Found a staircase to the Ecumenical Temple.
  4152 | D:4      | Reached skill level 7 in Unarmed Combat
  4167 | D:4      | Found a snail-covered altar of Cheibriados.
  4207 | D:5      | Entered Level 5 of the Dungeon
  4303 | D:5      | Found Opsuo's Antique Weapon Boutique.
  4370 | D:5      | Found an opulent altar of Gozag.
  4662 | D:5      | Found a stormy altar of Qazlal.
  4662 | D:5      | Found a blossoming altar of Fedhas.
  4737 | D:5      | Found a sacrificial altar of Ru.
  4766 | D:5      | Reached skill level 1 in Armour
  4766 | D:5      | Reached XP level 8. HP: 43/60 MP: 7/7
  4827 | D:6      | Noticed Duvessa
  4827 | D:6      | Noticed Dowan
  4851 | D:5      | Killed Duvessa
  4851 | D:5      | Reached skill level 8 in Unarmed Combat
  4857 | D:5      | Killed Dowan
  4914 | D:6      | Got the uncursed chain mail of Figoluol {Dex+5}
  4927 | D:6      | Identified the +9 chain mail of Figoluol {Dex+5} (You found it on level 6 of the Dungeon)
  5504 | D:6      | Reached skill level 9 in Unarmed Combat
  5510 | D:6      | Reached skill level 5 in Fighting
  5756 | D:4      | Killed yrara's ghost
  5756 | D:4      | Reached skill level 5 in Dodging
  5756 | D:4      | Reached XP level 9. HP: 50/74 MP: 8/8
  6027 | D:6      | Noticed a moth of wrath
  6030 | D:6      | Found a bloodstained altar of Trog.
  6194 | D:7      | Noticed Joseph
  6210 | D:7      | Killed Joseph
  6210 | D:7      | Reached skill level 10 in Unarmed Combat
  6571 | D:7      | Reached skill level 11 in Unarmed Combat
  7129 | D:7      | Found a glowing golden altar of the Shining One.
  7296 | D:7      | Reached *** piety under Ashenzari
  7351 | D:8      | Reached XP level 10. HP: 81/81 MP: 9/9
  7450 | D:8      | Found a shadowy altar of Dithmenos.
  7468 | D:8      | Reached skill level 12 in Unarmed Combat
  7570 | D:8      | Noticed darksquall's ghost (novice HOFi)
  7574 | D:8      | Noticed a two-headed ogre
  7575 | D:8      | Noticed a two-headed ogre
  7899 | D:8      | Reached skill level 13 in Unarmed Combat
  8409 | D:9      | Noticed a black mamba
  8421 | D:9      | Killed a black mamba
  8505 | D:9      | Reached **** piety under Ashenzari
  8518 | D:9      | Noticed Gastronok
  8553 | D:8      | Killed darksquall's ghost
  8818 | D:9      | Reached skill level 5 in Armour
  8934 | D:9      | Noticed Prince Ribbit
  8934 | D:9      | Noticed Pikel
  8942 | D:8      | Reached skill level 14 in Unarmed Combat
  8970 | D:8      | Upgraded the game from 0.21-a0-8-gcf94df6 to 0.21-a0-19-g210df22
  9163 | D:9      | Reached XP level 11. HP: 83/86 MP: 10/10
  9247 | D:9      | Killed Prince Ribbit
  9338 | D:9      | Killed Pikel
  9365 | D:9      | Found a staircase to the Orcish Mines.
  9501 | D:10     | Entered Level 10 of the Dungeon
  9501 | D:10     | Noticed Nergalle
  9643 | D:10     | Found a stormy altar of Qazlal.
  9786 | D:10     | Killed Nergalle
  9871 | D:10     | Reached skill level 15 in Unarmed Combat
 11136 | D:11     | Found a staircase to the Lair.
 11363 | D:11     | Noticed a red ugly thing
 11442 | D:11     | Killed a red ugly thing
 11442 | D:11     | Reached skill level 16 in Unarmed Combat
 11815 | D:11     | Reached XP level 12. HP: 59/96 MP: 11/11
 11924 | Lair:1   | Entered Level 1 of the Lair of Beasts
 11938 | Lair:1   | Noticed a spriggan rider
 12274 | Lair:1   | Found a frozen archway.
 12305 | IceCv    | Entered an ice cave
 12601 | IceCv    | Reached skill level 17 in Unarmed Combat
 12635 | IceCv    | Identified the cursed +1 ice dragon scales of the Many Ghosts {rF- rC++ MR+ Str+4 Int+3 Dex+4}
 12635 | IceCv    | Identified the ring of Bomu {MR+ Str+3 SInv}
 13267 | Lair:1   | Found a hazy altar of Hepliaklqana.
 13465 | Lair:1   | Identified 2 scrolls of acquirement
 13798 | Lair:2   | Reached ***** piety under Ashenzari
 13835 | Lair:2   | Found a dark tunnel.
 13855 | Volcano  | Entered a volcano
 14272 | Volcano  | Reached XP level 13. HP: 73/104 MP: 12/12
 14315 | Volcano  | Reached skill level 18 in Unarmed Combat
 14344 | Volcano  | Found a radiant altar of Vehumet.
 14694 | Lair:2   | Found a hole to the Spider Nest.
 14856 | Lair:2   | Reached skill level 5 in Stealth
 16349 | Lair:4   | Learned a level 4 spell: Summon Lightning Spire
 16411 | Lair:4   | Found a staircase to the Swamp.
 17337 | Lair:5   | Reached skill level 19 in Unarmed Combat
 17382 | Lair:5   | Reached skill level 1 in Evocations
 18169 | Lair:6   | Entered Level 6 of the Lair of Beasts
 18169 | Lair:6   | Found a labyrinth entrance.
 18384 | Lab      | Entered a labyrinth
 18813 | Lab      | Noticed a minotaur
 18818 | Lab      | Killed a minotaur
 18865 | Lab      | Got the uncursed pair of gloves of the Buccaneer {rPois rCorr Dex+2}
 18875 | Lair:6   | Found a staircase to the Slime Pits.
 18891 | Lair:6   | Reached XP level 14. HP: 82/112 MP: 14/14
 19008 | Lair:6   | Identified the +1 pair of gloves of the Buccaneer {rPois rCorr Dex+2} (You found it in a labyrinth)
 19208 | Lair:6   | HP: 1/113 [wolf (6)]
 19216 | Lair:6   | Slain by a wolf

Vault maps used:
D:1:      elethiomel_arrival_fortress_basement, minmay_ruptured
D:2:      lemuel_zombie_altar_kikubaaqudgha, overflow_temple_1_default,
          first_bread, uniq_natasha
D:3:      gammafunk_temple_overflow_elements, zin_treasury,
          kennysheep_nondescript
D:4:      overflow_temple_1_default, kennysheep_mini, kennysheep_little_box,
          overflow_temple_1_default, minmay_temple_entry_junction, serial_shops,
          nicolae_shop_temple_entry_statues_fountains
D:5:      grunt_temple_overflow_forces_of_nature, nicolae_ru_path_of_blood,
          nicolae_gozag_seed_capital, serial_shops, shop_fountains
D:6:      tgw_trog, nicolae_wand_duel, uniq_duvessa
D:7:      lemuel_round_altar, uniq_joseph
D:8:      grunt_dithmenos_smoke_and_mirrors, grunt_livestock, kennysheep_potato
D:9:      david_orc_4, minmay_liquid_box, minmay_misc_feat_cross,
          uniq_prince_ribbit1, uniq_gastronok, uniq_pikel
D:10:     basic_altar, uniq_nergalle
D:11:     david_lair_shrubbed
Lair:1:   basic_altar, portal_ice_cave_demonic_guard,
          grunt_forest_large_clearings
Lair:2:   nicolae_spider_entry_orb_guardian, nicolae_volcano_entry_lava_flow
Lair:4:   swamp_mist, minivault_26
Lair:5:   disabler_island, serial_bayou_shore_b
Lair:6:   grunt_lair_end_beastmaster, slime_dummy, lab_entry_generic,
          special_room, minmay_lair_oklob_chamber
Lab:      labyrinth_hidden_loot, labyrinth_skeletal_remains,
          nicolae_lab_t_cross, nicolae_lab_diamond, nicolae_lab_checkerboard,
          nicolae_lab_very_dead_end, nicolae_lab_statue
IceCv:    ice_cave_statue_garden_chambered
Volcano:  volcano_grotto

Skill      XL: |  1  2  3  4  5  6  7  8  9 10 11 12 13 14 |
---------------+-------------------------------------------+-----
Fighting       | 4 5 6 7 |  7.4
Unarmed Combat | 4 5 6 7 9 11 14 16 17 19 | 19.6
Dodging        | 3 4 5 6 7 |  7.0
Stealth        | 3 4 5 |  5.7
Armour         | 1 2 4 5 6 8 9 |  9.4
Evocations     | 1 |  1.7

Action                   |  1- 3 |  4- 6 |  7- 9 | 10-12 | 13-15 || total
-------------------------+-------+-------+-------+-------+-------++-------
Melee: Unarmed           |   137 |   175 |   457 |   858 |   421 ||  2048
       Punch             |     3 |     3 |    11 |    51 |    49 ||   117
Invok: Curse Item        |       |       |     1 |     3 |     1 ||     5
Evoke: Wand              |       |       |       |     4 |    19 ||    23
  Use: Scroll            |       |     3 |     3 |    15 |    10 ||    31
       Potion            |       |     1 |     1 |     4 |     4 ||    10
 Stab: Sleeping          |     7 |     7 |       |       |     2 ||    16
       Distracted        |       |     1 |       |       |     2 ||     3
       Invisible         |       |       |       |       |     5 ||     5
  Eat: Chunk             |     1 |     4 |    34 |    38 |    25 ||   102
       Royal jelly       |       |     1 |     1 |       |       ||     2
Armor: Robe              |    30 |    33 |     2 |       |       ||    65
       Scale mail        |       |       |    32 |       |       ||    32
       Chain mail        |       |       |   161 |   342 |       ||   503
       Ice dragon scales |       |       |       |    83 |   223 ||   306
Dodge: Dodged            |    86 |   116 |   178 |   413 |   471 ||  1264
Block: Other             |     9 |    10 |    20 |    56 |    46 ||   141
       Reflection        |       |     1 |     1 |     2 |       ||     4
